 Dungeon Crawl Stone Soup version 0.22-a0-126-g307c7c3 (webtiles) character file.

8793 sankara the Covert (level 11, -5/84 HPs)
             Began as a Vampire Berserker on Jan 30, 2018.
             Was an Elder of Trog.
             Slain by a seven-headed hydra (7 damage)
             ... on level 11 of the Dungeon.
             The game lasted 01:10:15 (12457 turns).

sankara the Covert (Vampire Berserker)             Turns: 12457, Time: 01:10:16

Health: -5/84      AC:  8    Str: 16    XL:     11   Next: 14%
Magic:  11/11      EV: 18    Int: 12    God:    Trog [****..]
Gold:   702        SH:  4    Dex: 18    Spells: 10/10 levels left

rFire    . . .     SeeInvis +   b - +1 dagger (flame)
rCold    + . .     Gourm    .   L - +0 buckler
rNeg     + + .     Faith    .   H - +0 troll leather armour
rPois    +         Spirit   .   (no helmet)
rElec    .         Reflect  .   q - +0 cloak
rCorr    .         Harm     .   B - +2 pair of gloves
MR       +....                  (no boots)
Stlth    ++++++....             (no amulet)
HPRegen  0.32/turn              s - +3 ring of intelligence
MPRegen  0.12/turn              (no ring)

@: regenerating slowly
A: fangs 3, see invisible, unbreathing
a: Bat Form, Berserk, Trog's Hand, Brothers in Arms, Burn Spellbooks, Renounce
Religion


You were on level 11 of the Dungeon.
You worshipped Trog.
Trog was greatly pleased with you.
You were thirsty.

You visited 1 branch of the dungeon, and saw 11 of its levels.

You collected 702 gold pieces.

Inventory:

Hand Weapons
 a - the +11 long sword of Julawunaa {pain, Dex+4}
   (You found it on level 6 of the Dungeon)

   In the hands of one skilled in necromantic magic, it inflicts extra damage on
   living creatures.
   It affects your dexterity (+4).
 b - a +1 dagger of flaming (weapon)
 h - a +0 falchion
 n - a +0 rapier
 y - a +0 hunting sling
Missiles
 c - 340 stones (quivered)
 e - 2 tomahawks
 r - 32 poisoned needles
 v - 64 sling bullets
 E - 6 silver javelins
 I - 5 javelins of returning
 J - 5 javelins
Armour
 q - a +0 cloak (worn)
 B - a +2 pair of gloves (worn)
 H - a +0 troll leather armour (worn)
 L - a +0 buckler (worn)
Jewellery
 s - a +3 ring of intelligence (left hand)
Wands
 f - a wand of digging (6)
Scrolls
 i - 3 scrolls of identify
 j - a scroll of acquirement {unknown}
 m - 2 scrolls of blinking
 t - 4 scrolls of enchant weapon
 x - 3 scrolls of teleportation
 D - a scroll of summoning {unknown}
 F - a scroll of magic mapping {unknown}
 G - a scroll of random uselessness {unknown}
 K - a scroll of remove curse
Potions
 d - 24 potions of blood
 g - a potion of berserk rage
 k - 3 potions of brilliance {unknown}
 l - 5 potions of flight
 o - 2 potions of cancellation
 p - 4 potions of curing
 u - 2 potions of heal wounds {unknown}
 w - a potion of ambrosia {unknown}
 z - 2 potions of lignification {unknown}
 A - 2 potions of resistance {unknown}
 C - 2 potions of invisibility


   Skills:
 + Level 7.1 Fighting
 + Level 8.3 Long Blades
 + Level 5.8 Throwing
 - Level 1.5 Armour
 + Level 9.0 Dodging
 + Level 13.3 Stealth
 + Level 0.4 Shields


You had 10 spell levels left.
You didn't know any spells.

Dungeon Overview and Level Annotations

Branches:
Dungeon (11/15)            Temple (0/1) D:7            Lair (0/6) D:9
    Orc: D:9-12

Altars:
Ashenzari
Cheibriados
Elyvilon
Gozag
Hepliaklqana
Kikubaaqudgha
Okawaru
Ru
Trog
Wu Jian
The Shining One

Shops:
D:11 %(


Innate Abilities, Weirdness & Mutations

You heal slowly.
You have razor-sharp teeth.
You have supernaturally acute eyesight. (SInv)
You can survive without breathing.


Message History

You block the seven-headed hydra's attack.
The seven-headed hydra completely misses you.
The seven-headed hydra barely misses you.
You fail to use your ability.
The seven-headed hydra misses you. x3
The seven-headed hydra bites you!
You block the seven-headed hydra's attack.
The seven-headed hydra misses you.
The seven-headed hydra closely misses you.
Your ogre goes berserk!
You feel somewhat more thirsty. The seven-headed hydra bites you!
* * * LOW HITPOINT WARNING * * *
The seven-headed hydra bites you!
* * * LOW HITPOINT WARNING * * *
The seven-headed hydra bites you!
* * * LOW HITPOINT WARNING * * *
The seven-headed hydra bites you but does no damage.
The seven-headed hydra barely misses you.
The seven-headed hydra closely misses you.
The seven-headed hydra bites you!
You die...

#.. .# ..# ##<# .##...#
#..####......# ##
#.......#..... ...
#####............#
.#..##......∩....##...# #.
#........†.....#. # .⌠
#........O......#
#.##...<....@....?....
.#.).........D.....#..
......................#
#.####.................?.#
#........................
######.#.............:..
#.#.#....#.....#..
#<.∩...########.).
#.#.##.#


You could see a seven-headed hydra and a friendly ogre (berserk).

Vanquished Creatures
  Snorg (D:10)
  A two-headed ogre (D:9)
  Urug (D:10)
  A manticore (D:11)
  A gargoyle (D:10)
  A troll (D:9)
  Grinder (D:5)
  A hippogriff (D:8)
  Sigmund (D:2)
  The ghost of Sergey the Chopper, an amateur DrCK of Xom (D:4)
  A basilisk (D:9)
  A hungry ghost (D:7)
  A steam dragon (D:10)
  3 porcupines (D:9)
  2 orc warriors (D:8)
  3 black bears (D:9)
  2 ice beasts
  A sky beast (D:8)
  A wolf (D:9)
  The ghost of SnubMonkey the Shooter, an amateur CeHu (D:3)
  5 ogres
  3 centaurs
  3 crocodiles (D:9)
  4 bullfrogs
  4 scorpions
  16 killer bees
  3 howler monkeys (D:9)
  4 crimson imps
  4 jellies
  An orc priest (D:8)
  Crazy Yiuf (D:2)
  3 hounds (D:8)
  2 centaur skeletons
  2 iguanas
  9 orc wizards
  Terence (D:2)
  4 worker ants
  Natasha (thrice) (D:2)
  A howler monkey zombie (D:8)
  Robin (D:4)
  10 adders
  4 gnolls (D:3)
  A shadow imp (D:11)
  5 oozes (D:10)
  An adder zombie (D:8)
  4 worms
  3 dart slugs
  5 leopard geckos
  29 orcs
  3 ball pythons
  8 bats
  2 bat zombies (D:6)
  8 giant cockroaches
  10 goblins
  9 hobgoblins
  12 jackals
  7 kobolds
  4 quokkas
  6 frilled lizards
  A jackal skeleton (D:5)
  A leopard gecko zombie (D:3)
  12 rats
  2 rat zombies (D:6)
247 creatures vanquished.

Vanquished Creatures (collateral kills)
  A gargoyle (D:10)
1 creature vanquished.

Vanquished Creatures (others)
  A fungus (D:9)
  A plant (D:9)
2 creatures vanquished.

Grand Total: 250 creatures vanquished

Notes
Turn   | Place    | Note
-------+----------+-------------------------------------------
     0 | D:1      | sankara the Vampire Berserker began the quest for the Orb.
     0 | D:1      | Reached XP level 1. HP: 17/17 MP: 1/1
    37 | D:1      | Reached skill level 1 in Stealth
   190 | D:1      | Reached XP level 2. HP: 12/23 MP: 2/2
   859 | D:1      | Reached skill level 2 in Stealth
  1593 | D:2      | Reached skill level 1 in Throwing
  1593 | D:2      | Reached XP level 3. HP: 28/28 MP: 3/3
  1750 | D:2      | Noticed Sigmund
  1853 | D:2      | Killed Sigmund
  1853 | D:2      | Reached skill level 4 in Stealth
  1853 | D:2      | Reached XP level 4. HP: 34/34 MP: 4/4
  1853 | D:2      | Reached XP level 5. HP: 39/39 MP: 5/5
  1943 | D:2      | Found an ornate altar of the Wu Jian Council.
  1981 | D:2      | Found an opulent altar of Gozag.
  1995 | D:2      | Noticed Natasha
  2003 | D:2      | Killed Natasha
  2003 | D:2      | Reached skill level 5 in Stealth
  2033 | D:2      | Upgraded the game from 0.22-a0-117-g314b907 to 0.22-a0-126-g307c7c3
  2070 | D:2      | Reached ** piety under Trog
  2337 | D:2      | Noticed Natasha
  2348 | D:2      | Killed Natasha
  2348 | D:2      | Reached XP level 6. HP: 41/46 MP: 6/6
  2419 | D:2      | Found a runed door.
  2468 | D:2      | Noticed Terence
  2489 | D:2      | Killed Terence
  2611 | D:2      | Noticed Natasha
  2618 | D:2      | Killed Natasha
  2948 | D:2      | Noticed Crazy Yiuf
  2952 | D:2      | Killed Crazy Yiuf
  2952 | D:2      | Reached skill level 6 in Stealth
  3077 | D:3      | Found an iron altar of Okawaru.
  3321 | D:3      | Noticed SnubMonkey's ghost (amateur CeHu)
  3733 | D:3      | Killed SnubMonkey's ghost
  3733 | D:3      | Reached skill level 7 in Stealth
  3733 | D:3      | Reached XP level 7. HP: 40/51 MP: 7/7
  4109 | D:3      | Found a glowing golden altar of the Shining One.
  5110 | D:4      | Noticed Sergey's ghost (amateur DrCK)
  5121 | D:4      | Killed Sergey's ghost
  5121 | D:4      | Reached skill level 8 in Stealth
  5173 | D:4      | Found a bloodstained altar of Trog.
  5201 | D:4      | Noticed Robin
  5209 | D:4      | Reached *** piety under Trog
  5220 | D:4      | Killed Robin
  6008 | D:5      | Entered Level 5 of the Dungeon
  6008 | D:5      | Noticed Grinder
  6011 | D:5      | Killed Grinder
  6011 | D:5      | Reached XP level 8. HP: 58/58 MP: 8/8
  6590 | D:5      | Reached skill level 9 in Stealth
  6677 | D:5      | Reached skill level 5 in Dodging
  7070 | D:5      | Found a hazy altar of Hepliaklqana.
  8094 | D:6      | Reached skill level 5 in Long Blades
  8479 | D:6      | Got a shimmering long sword
  8480 | D:6      | Identified the +11 long sword of Julawunaa {pain, Dex+4} (You found it on level 6 of the Dungeon)
  8636 | D:6      | Found an ancient bone altar of Kikubaaqudgha.
  8992 | D:7      | Reached skill level 10 in Stealth
  9159 | D:7      | Got a jewelled scale mail
  9160 | D:7      | Identified the +0 scale mail of Somewhere Else {*Slow rF+ rCorr} (You found it on level 7 of the Dungeon)
  9203 | D:7      | Reached XP level 9. HP: 66/66 MP: 9/9
  9441 | D:7      | Found a staircase to the Ecumenical Temple.
  9701 | D:8      | Reached skill level 5 in Fighting
  9709 | D:8      | Reached skill level 11 in Stealth
  9716 | D:8      | Reached **** piety under Trog
  9908 | D:8      | Received a gift from Trog
  9930 | D:8      | Found a snail-covered altar of Cheibriados.
 10188 | D:8      | Found a sacrificial altar of Ru.
 10192 | D:8      | Found a snail-covered altar of Cheibriados.
 10411 | D:9      | Noticed a troll
 10427 | D:9      | Killed a troll
 10427 | D:9      | Reached XP level 10. HP: 76/76 MP: 10/10
 10545 | D:9      | Found a white marble altar of Elyvilon.
 10589 | D:9      | Received a gift from Trog
 10589 | D:9      | Reached skill level 12 in Stealth
 10677 | D:9      | Found a staircase to the Lair.
 10858 | D:9      | Reached skill level 5 in Throwing
 11025 | D:9      | Noticed a two-headed ogre
 11030 | D:9      | Killed a two-headed ogre
 11040 | D:9      | Found a shattered altar of Ashenzari.
 11354 | D:10     | Entered Level 10 of the Dungeon
 11388 | D:10     | Noticed a gargoyle
 11409 | D:10     | Killed a gargoyle
 11550 | D:10     | Noticed Urug
 11572 | D:10     | Killed Urug
 11572 | D:10     | Reached skill level 13 in Stealth
 11709 | D:10     | Noticed a gargoyle
 11720 | D:10     | Killed a gargoyle
 11924 | D:10     | Noticed Snorg
 11935 | D:10     | Killed Snorg
 11935 | D:10     | Reached XP level 11. HP: 84/84 MP: 11/11
 12334 | D:11     | Found Vaseju's Food Boutique.
 12355 | D:11     | Found Ceodoq's Antique Weapon Emporium.
 12448 | D:11     | Noticed a seven-headed hydra
 12457 | D:11     | HP: 2/84 [seven-headed hydra (11)]
 12457 | D:11     | Slain by a seven-headed hydra

Vault maps used:
D:1:      dpeg_arrival_arbitrary_a
D:2:      marbit_many_paths, nicolae_gozag_cash_rules_everything_around_me,
          uniq_terence, uniq_crazy_yiuf_cottage, uniq_sigmund, uniq_natasha
D:3:      okawaru_metal_pillars_1_2, nicolae_tso_carved_into_rock, first_ration
D:4:      nicolae_overflow_hidden_temple, uniq_robin
D:5:      overflow_temple_1_default, kennysheep_generic_room_11, uniq_grinder
D:6:      lemuel_zombie_altar_kikubaaqudgha
D:7:      minmay_temple_entry_trees
D:8:      chequers_temple_overflow_statue_of_worship, basic_altar
D:9:      ashenzari_altar_1, elyvilon_altar_4, minmay_lair_entry_grove
D:10:     hangedman_little_slice_of_home, uniq_urug, uniq_snorg
D:11:     minmay_the_grid_3x2, serial_shops, nicolae_shop_crystal, shop, shop,
          shop, grunt_decor_one_mirror, uniq_gastronok

Skill      XL: |  1  2  3  4  5  6  7  8  9 10 11 |
---------------+----------------------------------+-----
Stealth        | 1 2 4 5 7 8 10 11 13 | 13.3
Throwing       | 1 2 3 4 5 |  5.8
Long Blades    | 4 5 7 8 |  8.3
Dodging        | 3 4 6 7 8 9 |  9.0
Fighting       | 3 4 5 7 |  7.1
Armour         | |  1.5
Shields        | |  0.4

Action                   |  1- 3 |  4- 6 |  7- 9 | 10-12 || total
-------------------------+-------+-------+-------+-------++-------
Melee: Falchion          |    39 |   102 |   212 |       ||   353
       Dagger            |    40 |    27 |    61 |    15 ||   143
       Bite              |    13 |    11 |    60 |    26 ||   110
       Long sword        |       |       |    99 |   111 ||   210
Throw: Stone             |       |    11 |     3 |       ||    14
Invok: Berserk           |     2 |     6 |     7 |     4 ||    19
       Trog's Hand       |       |     2 |     6 |     1 ||     9
       Burn Spellbooks   |       |       |     1 |     1 ||     2
       Brothers in Arms  |       |       |       |     3 ||     3
  Use: Potion            |     8 |    11 |    20 |     8 ||    47
       Scroll            |       |       |    12 |       ||    12
 Stab: Sleeping          |     3 |     7 |    28 |    12 ||    50
       Distracted        |       |     1 |     2 |     1 ||     4
Armor: Animal skin       |    15 |    14 |    43 |       ||    72
       Robe              |       |       |    18 |       ||    18
       Troll leather arm |       |       |       |    11 ||    11
Dodge: Dodged            |    66 |    87 |   260 |   121 ||   534
Block: Buckler           |       |       |       |     5 ||     5
       Rpst.: Falchion   |     9 |    14 |    34 |       ||    57
       Long sword        |       |       |    25 |    18 ||    43

Table legend:
 A = Spawn XP
 B = Non-spawn XP
 C = Spawn XP percentage of total XP
 D = Spawn monster count
 E = Non-spawn monster count
 F = Spawn count percentage of total count
 G = Total turns spent on level
                    A         B        C        D         E        F      G
               +---------+---------+-------+---------+---------+-------+---------
         Total |       0 |   12562 |   0.0 |       0 |     248 |   0.0 | 12457
               +---------+---------+-------+---------+---------+-------+---------
           D:1 |       0 |      32 |   0.0 |       0 |      18 |   0.0 |  1695
           D:2 |       0 |     509 |   0.0 |       0 |      41 |   0.0 |  1535
           D:3 |       0 |     284 |   0.0 |       0 |      31 |   0.0 |  1104
           D:4 |       0 |     452 |   0.0 |       0 |      24 |   0.0 |  1686
           D:5 |       0 |     520 |   0.0 |       0 |      11 |   0.0 |  1404
           D:6 |       0 |     517 |   0.0 |       0 |      20 |   0.0 |  1464
           D:7 |       0 |    1064 |   0.0 |       0 |      25 |   0.0 |   843
           D:8 |       0 |    1829 |   0.0 |       0 |      25 |   0.0 |   669
           D:9 |       0 |    3570 |   0.0 |       0 |      29 |   0.0 |   954
          D:10 |       0 |    3083 |   0.0 |       0 |      19 |   0.0 |   980
          D:11 |       0 |     702 |   0.0 |       0 |       5 |   0.0 |   123
               +---------+---------+-------+---------+---------+-------+---------
